 Dungeon Crawl Stone Soup version 0.28.0-43-g3370ac3207 (webtiles) character file.

Game seed: 867387623029299835

11 Descartes the Grasshopper (level 2, -2/13 HPs)
             Began as a Felid Warper on Mar 27, 2022.
             Slain by a jackal (3 damage)
             ... on level 1 of the Dungeon.
             The game lasted 00:00:43 (802 turns).

Descartes the Grasshopper (Felid Warper)             Turns: 802, Time: 00:00:44

Health: -2/13      AC:  1    Str:  7    XL:     2   Next: 17%
Magic:  6/6        EV: 18    Int: 14    God:
Gold:   59         SH:  0    Dex: 15    Spells: 5/5 levels left
                                        Lives:  0   Deaths: 0

rFire   . . .      SeeInvis +     - Unarmed
rCold   . . .      Faith    .   (shield unavailable)
rNeg    . . .      Spirit   .   (armour unavailable)
rPois   .          Reflect  .   (helmet unavailable)
rElec   .          Harm     .   (cloak unavailable)
rCorr   .          Rampage  .   (gloves unavailable)
Will    .....                   (boots unavailable)
Stlth   ++........              (no amulet)
HPRegen 0.04/turn               (no ring)
MPRegen 0.10/turn               (no ring)

@: quick
A: very small, claws 1, fangs 3, see invisible, speed 1, shaggy fur 1, stealthy
paws, no weapons or thrown items, no armour, multi-lived
a: no special abilities


You were on level 1 of the Dungeon.
You visited 1 branch of the dungeon, and saw 1 of its levels.

You collected 59 gold pieces.

Inventory:

Scrolls
 a - a scroll of blinking
 b - a scroll of teleportation {unknown}
 c - a scroll of identify {unknown}
 d - 2 scrolls of immolation {unknown}
 g - a scroll of enchant armour {unknown}
Potions
 e - a potion of berserk rage {unknown}
 f - a potion of curing {unknown}


   Skills:
 - Level 2.0 Fighting
 * Level 3.5 Dodging
 * Level 1.2 Stealth
 * Level 2.3 Unarmed Combat
 - Level 2.0 Spellcasting
 + Level 4.5 Translocations


You had 5 spell levels left.
You didn't know any spells.
Your spell library contained the following spells:

 Spells                   Type           Power      Damage    Failure   Level
 Blink                    Tloc           28%        N/A       5%          2
 Gell's Gravitas          Tloc           14%        N/A       11%         3
 Lesser Beckoning         Tloc           14%        N/A       11%         3
 Teleport Other           Tloc           14%        N/A       11%         3
 Manifold Assault         Tloc           14%        N/A       71%         5


Dungeon Overview and Level Annotations

Branches:
Dungeon (1/15)

Altars:


Innate Abilities, Weirdness & Mutations

You have sharp claws.
You have razor-sharp teeth.
You have supernaturally acute eyesight. (SInv)
You cover ground quickly. (Speed+)
You are covered in fur. (AC +1)
Your paws help you pounce on unaware monsters.
You are incapable of wielding weapons or throwing items.
You cannot wear armour.
You gain extra lives every three experience levels.


Message History

The jackal misses you. x2
You barely miss the jackal. You bite the jackal, but do no damage.
The jackal is heavily wounded.
The jackal bites you. The jackal barely misses you.
You scratch the jackal but do no damage.
The jackal is heavily wounded.
The jackal completely misses you. The jackal closely misses you. x2
You closely miss the jackal.
The jackal is heavily wounded.
The jackal bites you. x2
* * * LOW HITPOINT WARNING * * *
The jackal closely misses you.
You are too injured to fight recklessly!
You are too injured to fight recklessly!
You are too injured to fight recklessly!
You are too injured to fight recklessly!
You are too injured to fight recklessly!
You are too injured to fight recklessly!
You are too injured to fight recklessly!
You are too injured to fight recklessly!
You are too injured to fight recklessly!
You are too injured to fight recklessly!
You are too injured to fight recklessly!
You are too injured to fight recklessly!
The jackal barely misses you. The jackal closely misses you.
The jackal misses you.
You scratch the jackal.
The jackal is moderately wounded.
You scratch the jackal. You bite the jackal, but do no damage.
The jackal is almost dead.
The jackal bites you.
* * * LOW HITPOINT WARNING * * *
You closely miss the jackal.
The jackal is almost dead.
The jackal barely misses you.
You scratch the jackal but do no damage.
The jackal is almost dead.
The jackal completely misses you. The jackal bites you.
You die...

##..♣ ###.....##.#..........#
#...♣#♣P#.........(...#......
'...P#P.'....................
'..<♣#P.'...........h.#
#P..P#♣P#..........####
##..P####.#..###h#.#
P#.♣P###.#...# #hh.### .
.'.P###..#.#.# #h##........
#######.#..#.###@##.###....
##..#.........#........
#####......................
..)...............#.†......
..................#........
#..##....#...###.##........
.........##..# #.##........
##.##....##..# #.##........
##.##....##..# #.##........


You could see 4 jackals.

Vanquished Creatures
  3 ball pythons (D:1)
  A giant cockroach (D:1)
  5 goblins (D:1)
  2 bats (D:1)
11 creatures vanquished.

Notes
Turn   | Place    | Note
-------+----------+-------------------------------------------
     0 | D:1      | Descartes the Felid Warper began the quest for the Orb.
     0 | D:1      | Reached XP level 1. HP: 9/9 MP: 4/4
   228 | D:1      | Reached skill level 1 in Stealth
   301 | D:1      | Reached XP level 2. HP: 7/13 MP: 6/6
   689 | D:1      | Found a faded altar of an unknown god.
   802 | D:1      | Slain by a jackal

Illustrated notes

Levels and vault maps discovered:
D:1:      denvon_arrival_planthouse, layout_basic,
          hellmonk_ecumenical_altar_zigzags, minmay_misc_feat_hallway,
          minivault_4

Skill      XL: |  1 |
---------------+----+-----
Stealth        | 1 |  1.2
Fighting       | |  2.0
Dodging        | |  3.5
Unarmed Combat | |  2.3
Spellcasting   | |  2.0
Translocations | |  4.5

Action                   || total
-------------------------++-------
Melee: Unarmed           ||    39
       Bite              ||     2
       Punch             ||     1
 Stab: Sleeping          ||     3
Armor: Skin              ||     1
Dodge: Dodged            ||    27
